Build Orders - Match 35456916 - cohdb - Company of Heroes 3 Replays
cohdb
Replays
Latest Replays
All Replays
Popular Replays
Top Player Replays
Match Explorer
How It Works
Community
CoH3 Stats
Reddit
Sign in to upload your games and track your stats! →
Sign in with Steam
Match 35456916
Unlisted
Match 35456916
Overview
Messages
Build Orders
End
Selects Italian Coastal Battlegroup
Selects Coastal Reserves
Coastal Reserve
Coastal Reserve
Coastal Reserve
Coastal Reserve
Construct Infanterie Kompanie
Medical Bunker
GrW 34 Mortar Team
GrW 34 Mortar Team
Construct Luftwaffe Kompanie
Flak 30 Anti-aircraft Gun Team
Selects Support Bunkers
Selects Designated Artillery Overwatch
Selects Artillery Officer
Anti-tank Bunker
Support Elements
Anti-tank Bunker
Artillery Officer
Selects Coastal Wall
Designated Artillery Overwatch
Marder III M Tank Destroyer
Anti-tank Bunker
Marder III M Tank Destroyer
DanceFKRdance
Stana
0
0
Comments
sign in to comment!
No comments posted yet!